 Dungeon Crawl Stone Soup version 0.30-a0-137-gd8773701ce (webtiles) character file.

Game seed: 6956844546046390719

44 IdlyInterested the Magician (level 3, -3/28 HPs)
             Began as a Demonspawn Wanderer on Sept 22, 2022.
             Killed from afar by a white imp (4 damage)
             ... with a puff of frost
             ... summoned by Natasha
             ... on level 2 of the Dungeon.
             The game lasted 00:04:55 (1549 turns).

IdlyInterested the Magician (Demonspawn Wanderer)   Turns: 1549, Time: 00:04:55

Health: -3/28      AC:  5    Str: 11    XL:     3   Next: 41%
Magic:  8/9        EV: 10    Int: 15    God:
Gold:   61         SH:  0    Dex: 13    Spells: 11/12 levels left

rFire   + . .      SeeInvis .    i - +0 short sword
rCold   + . .      Faith    .    (no shield)
rNeg    . . .      Spirit   .    l - +0 ring mail
rPois   +          Reflect  .    (helmet currently unavailable)
rElec   +          Harm     .    (no cloak)
rCorr   +          Rampage  .    (no gloves)
Will    .....                    (boots currently unavailable)
Stlth   +.........               (no amulet)
HPRegen 0.09/turn                (no ring)
MPRegen 0.11/turn                (no ring)

@: appendages, resistant
A: talons 2, horns 1
a: End Transformation


You were on level 2 of the Dungeon.
You had temporarily grown beastly talons.
You visited 1 branch of the dungeon, and saw 2 of its levels.

You collected 61 gold pieces.

Inventory:

Hand Weapons
 a - a +0 dagger
 i - a +0 short sword (weapon)
Missiles
 b - 13 poisoned darts
Armour
 d - a +0 robe
 l - a +0 ring mail (worn)
Scrolls
 c - a scroll of blinking
 e - 2 scrolls of enchant armour {unknown}
 g - a scroll of amnesia {unknown}
 j - a scroll of enchant weapon {unknown}
 k - a scroll of identify {unknown}
Potions
 f - a potion of resistance
 h - a potion of cancellation {unknown}


   Skills:
 * Level 2.5 Fighting
 - Level 1.0 Throwing
 + Level 0.9 Armour
 - Level 1.0 Dodging
 - Level 1.0 Stealth
 - Level 5.0 Spellcasting
 - Level 2.6 Transmutations


You had 11 spell levels left.
You knew the following spells:

 Your Spells              Type           Power      Damage    Failure   Level
a - Beastly Appendage     Tmut           22%        N/A       13%         1

Your spell library contained the following spells:

 Spells                   Type           Power      Damage    Failure   Level
 Wereblood                Tmut           11%        N/A       21%         2
 Apportation              Tloc           6%         N/A       36%         1
 Spider Form              Tmut/Pois      7%         N/A       56%         3
 Alistair's Intoxication  Tmut/Pois      4%         N/A       99%         5


Dungeon Overview and Level Annotations

Branches:
Dungeon (2/15)

Altars:

Shops:
D:1 [(

Annotations:
D:2 Natasha


Innate Abilities, Weirdness & Mutations

You have temporarily grown beastly talons.
You have a pair of small horns on your head.


Message History

Found an escape hatch in the floor.
Casting: Beastly Appendage (safe; 13% risk of failure)
Press: ? - help, Q - select action, (/) - cycle Dir - look around, f - activate Your feet morph into talons.
The endoplasm quivers.
The frilled lizard barely misses you. The rat barely misses you.
You barely miss the frilled lizard.
You headbutt the frilled lizard, but do no damage.
The frilled lizard closely misses you. The rat bites you but does no damage.
You hit Natasha. You claw Natasha, but do no damage.
Natasha is moderately wounded.
Natasha claws you. The frilled lizard closely misses you.
The rat barely misses you.
You hit the endoplasm but do no damage. You claw the endoplasm.
You kill the endoplasm!
Natasha mumbles some strange words.
The rat barely misses you. The frilled lizard closely misses you.
You barely miss Natasha. Your kick misses Natasha.
You headbutt Natasha, but do no damage.
Natasha is moderately wounded.
Natasha claws you. The rat bites you but does no damage.
The frilled lizard barely misses you. The white imp hits you.
The white imp freezes you.
You hit Natasha. You claw Natasha.
Natasha is heavily wounded.
Natasha claws you but does no damage. The frilled lizard closely misses you.
The rat closely misses you. The white imp hits you.
* * * LOW HITPOINT WARNING * * *
The white imp freezes you.
* * * LOW HITPOINT WARNING * * *
It was a potion of resistance.
You feel protected.
Natasha mumbles some strange words.
Natasha's front paws start to glow.
Natasha claws you.
* * * LOW HITPOINT WARNING * * *
The frilled lizard barely misses you. The rat barely misses you.
The white imp gestures at you. The puff of frost hits you. You resist.
You die...

....
#########....
##.....#......
##.............
#..............
#.....>........
#.....r.$......
#.....l@h......
#.......5......
#..............
##.............
##.....#...?.#
#############


You could see Natasha, a white imp (summoned), a frilled lizard and a rat.

Vanquished Creatures
  Jessica (D:2)
  5 endoplasms
  A goblin (D:1)
  2 hobgoblins (D:1)
  2 kobolds (D:1)
  A ball python (D:1)
  2 bats (D:1)
  2 frilled lizards (D:1)
  2 rats (D:1)
18 creatures vanquished.

Notes
Turn   | Place    | Note
-------+----------+-------------------------------------------
     0 | D:1      | IdlyInterested the Demonspawn Wanderer began the quest for
                  | the Orb.
     0 | D:1      | IdlyInterested set off with the following items: a +0
                  | dagger, 13 poisoned darts, a scroll of blinking, a +0 robe;
                  | and the following spell memorised: Beastly Appendage; and
                  | the following spells available to memorise: Wereblood,
                  | Spider Form.
     0 | D:1      | Reached XP level 1. HP: 13/13 MP: 6/6
   309 | D:1      | Reached skill level 1 in Fighting
   506 | D:1      | Found Muvvi's Armour Shop.
   522 | D:1      | Mutation became permanent: You have a pair of small horns
                  | on your head. [demonic ancestry]
   522 | D:1      | Gained mutation: You have a pair of horns on your head.
                  | [demonic ancestry]
   522 | D:1      | Reached XP level 2. HP: 10/21 MP: 6/8
   744 | D:1      | Found Deciucs's Antique Weapon Emporium.
   923 | D:1      | Reached skill level 1 in Stealth
  1480 | D:2      | Noticed Jessica
  1486 | D:2      | Killed Jessica
  1487 | D:2      | Reached XP level 3. HP: 28/28 MP: 7/9
  1542 | D:2      | Noticed Natasha
  1549 | D:2      | HP: 1/28 [Natasha (5)]
  1549 | D:2      | Killed from afar by a white imp

Illustrated notes

Levels and vault maps discovered:
D:1:      wander_arrival_peaceful_grave, layout_loops_ring, serial_shops,
          nicolae_shop_hallway_plus, nicolae_shop_waterfront
D:2:      layout_rooms, dilly_ecumenical_altar_fadedgnrine, uniq_natasha,
          uniq_jessica

Skill      XL: |  1  2 |
---------------+-------+-----
Fighting       | 1 2 |  2.5
Stealth        | 1 |  1.0
Throwing       | |  1.0
Armour         | |  0.9
Dodging        | |  1.0
Spellcasting   | |  5.0
Transmutations | |  2.6

Action                   || total
-------------------------++-------
Melee: Short sword       ||    59
       Dagger            ||     4
       Kick              ||    10
       Headbutt          ||     4
Throw: Dart              ||     7
 Cast: Beastly Appendage ||    10
  Use: Potion            ||     1
 Stab: Sleeping          ||     2
Armor: Robe              ||     9
       Ring mail         ||     6
Dodge: Dodged            ||    48

Table legend: (Time is in decaauts)
 A = Elapsed time spent in this place.
 B = Non-inter-level travel time spent in this place.
 C = Inter-level travel time spent in this place.
 D = Time resting spent in this place.
 E = Time spent auto-exploring this place.
 F = Levels seen in this place.
 G = Mean time per level.
                   A        B        C        D        E       F      G
               +--------+--------+--------+--------+--------+-----+--------+
         Total |   1554 |   1427 |    127 |    332 |    876 |   2 |  777.0 |
       Dungeon |   1554 |   1427 |    127 |    332 |    876 |   2 |  777.0 |
               +--------+--------+--------+--------+--------+-----+--------+

Top non-repeatable levels by time:
     D:1: 1517 daAuts
     D:2: 36 daAuts
